Hurricanes vs RedWings

Created - December-13-13 at 18:33

Goals
1 2 3 T
Hurricanes 3 0 0 3
RedWings 1 1 2 4
Shots
1 2 3 T
Hurricanes 8 5 6 19
RedWings 11 18 7 36

1st period

1. Hurricanes , Leo Komarov 1 (Cal Clutterbuck, James Wisniewski) at 9:06
2. Hurricanes , Nikolai Kulemin 9 (Eric Staal, Blake Wheeler) at 9:32
3. Hurricanes , Nick Foligno 7 (Filip Kuba) at 13:52
4. RedWings , Alexandre Burrows 9 (Paul Martin, Brian Campbell) at 18:56 (PP)

Penalties :
Ray Whitney (DET) for High sticking (Minor) at 9:59, Nick Foligno (CAR) for Hooking (Minor) at 17:59, Alexandre Burrows (DET) for Roughing (Minor) at 19:31

2nd period

5. RedWings , Brian Campbell 10 (Paul Martin) at 6:35 (PP)

Penalties :
Luke Schenn (CAR) for Hooking (Minor) at 2:47, Steve Oleksy (CAR) for Hooking (Minor) at 5:05, Dale Weise (CAR) for Roughing (Minor) at 8:17, Luke Schenn (CAR) for Hooking (Minor) at 15:10, James Wisniewski (CAR) for Holding (Minor) at 17:20

3rd period

6. RedWings , Alexandre Burrows 10 (Jared Spurgeon, Eric Brewer) at 3:35 (PP)
7. RedWings , Ray Whitney 8 (Paul Martin, Nate Thompson) at 15:14 (PP)

Penalties :
Steve Oleksy (CAR) for Interference (Minor) at 3:27, Brian Campbell (DET) for Hooking (Minor) at 5:44, Chris Summers (DET) for Charging (Minor) at 7:20, Cam Janssen (DET) for Tripping (Minor) at 11:37, Cal Clutterbuck (CAR) for Hooking (Minor) at 15:02

Goalie Stats

Mike Smith (CAR), 32 saves from 36 shots - (0.889), L, 10-14-3, 59:00 minutes
Thomas Greiss (DET), 16 saves from 19 shots - (0.842), W, 5-7-3, 60:00 minutes

Players Stats for Hurricanes

Player Name              G  A  P  +/- PIM S  H  SB GA TA FO     MP     PP MP  PK MP  
------------------------------------------------------------------------------------
Blake Wheeler            0  1  1   1  0   3  3  1  0  0  0/0    20:17   5:48   0:00 
Brian Boyle              0  0  0   1  0   1  0  0  0  0  6/15   15:56   3:44   0:00 
Cal Clutterbuck          0  1  1   1  2   1  1  1  0  0  0/2    10:55   3:44   0:00 
Dale Weise               0  0  0   1  2   0  1  0  0  0  0/0     7:11   0:00   0:00 
Duncan Keith             0  0  0   0  0   2  0  3  0  0  0/0    26:10   4:44   6:02 
Eric Staal               0  1  1   1  0   2  0  0  0  0  14/25  20:43   5:48   0:26 
Filip Kuba               0  1  1   2  0   0  1  1  0  0  0/0    19:02   1:28   5:47 
James Wisniewski         0  1  1   1  2   0  4  1  0  0  0/0    20:35   4:43   1:19 
Lennart Petrell          0  0  0   0  0   1  0  1  0  0  0/1    11:31   0:00   5:39 
Leo Komarov              1  0  1   1  0   2  1  0  0  0  6/16   12:51   0:00   5:39 
Luke Schenn              0  0  0   2  4   0  1  2  0  0  0/0    15:07   0:00   3:22 
Marty Reasoner           0  0  0   0  0   0  1  0  0  0  10/21  10:30   0:00   4:38 
Maxim Lapierre           0  0  0   0  0   0  1  0  0  0  0/0     5:52   0:00   0:00 
Nick Foligno             1  0  1   1  2   1  1  0  0  0  2/3    17:59   5:48   0:00 
Nikolai Kulemin          1  0  1   1  0   1  2  1  0  0  1/1    19:33   0:00   5:04 
Rene Bourque             0  0  0   1  0   2  0  0  0  0  0/0    15:56   3:44   0:00 
Ryan Wilson              0  0  0   1  0   3  1  2  0  0  0/0    21:43   4:13   4:56 
Steve Oleksy             0  0  0   0  4   0  2  0  0  0  0/0    17:18   3:56   0:00 

Players Stats for RedWings

Player Name              G  A  P  +/- PIM S  H  SB GA TA FO     MP     PP MP  PK MP  
------------------------------------------------------------------------------------
Alexandre Burrows        2  0  2  -1  2   5  3  0  0  0  0/0    22:09   5:41   3:26 
Andrew Cogliano          0  0  0  -1  0   2  1  0  0  0  8/15   13:48   0:15   0:20 
Brian Campbell           1  1  2  -1  2   4  3  2  0  0  0/0    23:30   5:37   4:48 
Cam Janssen              0  0  0   0  2   0  1  0  0  0  0/0    15:09   0:00   0:00 
Casey Cizikas            0  0  0  -2  0   0  0  0  0  0  14/24  17:52   5:02   2:00 
Chris Summers            0  0  0  -1  2   0  2  0  0  0  0/0    10:53   0:00   0:20 
Eric Brewer              0  1  1  -1  0   2  4  1  0  0  0/0    20:25   5:06   3:04 
Eric Gryba               0  0  0  -1  0   0  0  2  0  0  0/0    11:38   0:00   1:22 
Frazer McLaren           0  0  0   0  0   0  0  0  0  0  0/0     0:52   0:00   0:52 
Jared Spurgeon           0  1  1  -1  0   2  0  0  0  0  0/0    21:04   5:06   4:10 
Joe Thornton             0  0  0   0  0   4  2  0  0  0  11/23  17:07   5:18   0:53 
Mark Fraser              0  0  0   0  0   0  1  0  0  0  0/0     4:08   0:00   0:00 
Nate Thompson            0  1  1  -2  0   2  2  0  0  0  10/13  21:48   5:10   5:38 
Paul Martin              0  3  3  -1  0   3  1  7  0  0  0/0    28:20   5:37   5:19 
Ray Whitney              1  0  1   0  2   9  0  0  0  0  0/0    21:06   5:02   5:09 
Sergei Kostitsyn         0  0  0  -1  0   2  1  0  0  0  0/1    18:27   5:41   0:00 
Taylor Beck              0  0  0  -2  0   0  0  0  0  0  1/4    15:36   0:00   0:00 
Tyler Toffoli            0  0  0   0  0   1  1  0  0  0  1/4     6:08   0:00   0:23 

3 Stars

1 - Alexandre Burrows (DET)
2 - Paul Martin (DET)
3 - Nikolai Kulemin (CAR)

Power Play

Hurricanes - 0 on 5 Attempt(s) - 0.00%
RedWings - 4 on 8 Attempt(s) - 50.00%

Penalty Kill

Hurricanes - 4 on 8 Attempt(s) - 50.00% - Score 0 goal in Penalty Kill
RedWings - 5 on 5 Attempt(s) - 100.00% - Score 0 goal in Penalty Kill

Official

Referees : Francis Charron and Mark Lemelin
Linesman : Mike Cvik and Shane Heyer

Game Notes

No Game Note

Finance

Level 1 -- Attendance: 6500 (100.00%) -- Ticket Income $487,500
Level 2 -- Attendance: 5000 (100.00%) -- Ticket Income $250,000
Level 3 -- Attendance: 3500 (100.00%) -- Ticket Income $105,000
Level 4 -- Attendance: 3114 (76.59%) -- Ticket Income $62,280
Luxury Box -- Attendance: 919 (91.90%) -- Ticket Income $137,850
Game was played at the Joe Louis Arena
Total Attendance: 19033 (94.85%)
Total Ticket Income: $1,042,630
Other Income: $156,394
Total Income: $1,199,024


% Time on Ice - Hurricanes

Lines # - Real PCT - Wanted PCT - Time Play
Normal Forward
1 - 35% - 39% - 13:52
2 - 31% - 35% - 12:12
3 - 18% - 15% - 7:12
4 - 15% - 11% - 5:52
Normal Defense
1 - 34% - 35% - 13:24
2 - 32% - 35% - 12:34
3 - 30% - 20% - 11:47
4 - 4% - 10% - 1:23
PP Forward
1 - 61% - 57% - 5:48
2 - 39% - 43% - 3:44
PP Defense
1 - 50% - 50% - 4:44
2 - 50% - 50% - 4:48
PK Forward
1 - 47% - 50% - 5:04
2 - 53% - 50% - 5:39
PK Defense
1 - 46% - 50% - 4:56
2 - 54% - 50% - 5:47
PK3 Forward
1 - 0% - 60%
2 - 0% - 40%
PK3 Defense
1 - 0% - 60%
2 - 0% - 40%
44 Forward
1 - 0% - 50%
2 - 0% - 50%
44 Defense
1 - 0% - 50%
2 - 0% - 50%
Last Minute Offensive  - 0:37
Last Minute Defensive  - 0:00
Total
Forward - 60:00
Defense - 60:00

% Time on Ice - RedWings

Lines # - Real PCT - Wanted PCT - Time Play
Normal Forward
1 - 28% - 45% - 10:56
2 - 32% - 35% - 12:46
3 - 28% - 15% - 10:50
4 - 12% - 5% - 4:46
Normal Defense
1 - 33% - 40% - 13:06
2 - 30% - 30% - 11:48
3 - 11% - 20% - 4:08
4 - 26% - 10% - 10:16
PP Forward
1 - 53% - 60% - 5:41
2 - 47% - 40% - 5:02
PP Defense
1 - 52% - 60% - 5:37
2 - 48% - 40% - 5:06
PK Forward
1 - 78% - 60% - 7:09
2 - 22% - 40% - 2:00
PK Defense
1 - 66% - 60% - 6:05
2 - 34% - 40% - 3:04
PK3 Forward
1 - 100% - 60% - 0:23
2 - 0% - 40% - 0:00
PK3 Defense
1 - 100% - 60% - 0:23
2 - 0% - 40% - 0:00
44 Forward
1 - 0% - 60%
2 - 0% - 40%
44 Defense
1 - 0% - 60%
2 - 0% - 40%
Last Minute Offensive  - 0:00
Last Minute Defensive  - 0:27
Total
Forward - 60:00
Defense - 60:00

Play by Play

1st period


0:01 of 1st period - Eric Staal wins face-off versus Joe Thornton in neutral zone.
0:11 of 1st period - Blake Wheeler is hit by Brian Campbell and loses puck.
0:15 of 1st period - Eric Staal is hit by Brian Campbell.
0:28 of 1st period - Duncan Keith is hit by Paul Martin and loses puck.
0:43 of 1st period - Shot by Ray Whitney.
0:43 of 1st period - Deflect By Joe Thornton.
0:43 of 1st period - Shot Misses the Net.
0:46 of 1st period - Icing by Duncan Keith.
0:47 of 1st period - Andrew Cogliano wins face-off versus Eric Staal in Hurricanes zone.
2:30 of 1st period - Leo Komarov is hit by Nate Thompson and loses puck.
2:48 of 1st period - Paul Martin is hit by Dale Weise and loses puck.
3:32 of 1st period - Off-side.
3:33 of 1st period - Eric Staal wins face-off versus Tyler Toffoli in neutral zone.
3:33 of 1st period - Eric Staal is hit by Tyler Toffoli.
4:31 of 1st period - Shot by Rene Bourque.
4:31 of 1st period - Shot Misses the Net.
4:47 of 1st period - Icing by Ray Whitney.
4:48 of 1st period - Marty Reasoner wins face-off versus Tyler Toffoli in RedWings zone.
5:01 of 1st period - Shot by Ray Whitney.
5:01 of 1st period - Stopped by Mike Smith with a rebound.
5:03 of 1st period - Shot by Joe Thornton.
5:03 of 1st period - Shot Misses the Net.
5:05 of 1st period - Shot by Joe Thornton.
5:05 of 1st period - Deflect By Ray Whitney.
5:05 of 1st period - Shot Misses the Net.
5:11 of 1st period - Shot by Jared Spurgeon.
5:11 of 1st period - Stopped by Mike Smith without a rebound.
5:12 of 1st period - Brian Boyle wins face-off versus Casey Cizikas in Hurricanes zone.
6:15 of 1st period - Shot by Ray Whitney.
6:15 of 1st period - Shot Misses the Net.
7:00 of 1st period - Shot by Andrew Cogliano.
7:00 of 1st period - Stopped by Mike Smith without a rebound.
7:01 of 1st period - Andrew Cogliano wins face-off versus Marty Reasoner in Hurricanes zone.
7:09 of 1st period - Icing by Duncan Keith.
7:10 of 1st period - Marty Reasoner wins face-off versus Casey Cizikas in Hurricanes zone.
7:17 of 1st period - Brian Campbell is hit by Marty Reasoner and loses puck.
7:32 of 1st period - Icing by Paul Martin.
7:33 of 1st period - Eric Staal wins face-off versus Taylor Beck in RedWings zone.
7:40 of 1st period - Shot by Eric Staal.
7:40 of 1st period - Shot Blocked by Paul Martin.
8:34 of 1st period - Shot by Ray Whitney.
8:34 of 1st period - Stopped by Mike Smith without a rebound.
8:35 of 1st period - Andrew Cogliano wins face-off versus Leo Komarov in Hurricanes zone.
8:47 of 1st period - Andrew Cogliano is hit by James Wisniewski and loses puck.
9:04 of 1st period - Shot by Cal Clutterbuck.
9:04 of 1st period - Shot Misses the Net.
9:06 of 1st period - Shot by Leo Komarov.
9:06 of 1st period - Goal by Leo Komarov - Hurricanes : 1 - RedWings : 0.
9:07 of 1st period - Nick Foligno wins face-off versus Joe Thornton in neutral zone.
9:20 of 1st period - Shot by Brian Boyle.
9:20 of 1st period - Stopped by Thomas Greiss without a rebound.
9:21 of 1st period - Eric Staal wins face-off versus Casey Cizikas in RedWings zone.
9:30 of 1st period - Shot by Eric Staal.
9:30 of 1st period - Shot Blocked by Paul Martin.
9:32 of 1st period - Shot by Nikolai Kulemin.
9:32 of 1st period - Goal by Nikolai Kulemin - Hurricanes : 2 - RedWings : 0.
9:33 of 1st period - Brian Boyle wins face-off versus Joe Thornton in neutral zone.
9:35 of 1st period - Ryan Wilson is hit by Mark Fraser and loses puck.
9:59 of 1st period - Minor Penalty to Ray Whitney for High sticking.
10:00 of 1st period - Nate Thompson wins face-off versus Nick Foligno in RedWings zone.
10:31 of 1st period - Shot by Brian Campbell.
10:31 of 1st period - Stopped by Mike Smith with a rebound.
11:06 of 1st period - Shot by Steve Oleksy.
11:06 of 1st period - Shot Misses the Net.
11:08 of 1st period - Shot by Steve Oleksy.
11:08 of 1st period - Shot Misses the Net.
11:16 of 1st period - Shot by Ryan Wilson.
11:16 of 1st period - Shot Misses the Net.
11:18 of 1st period - Shot by Rene Bourque.
11:18 of 1st period - Stopped by Thomas Greiss without a rebound.
11:19 of 1st period - Nate Thompson wins face-off versus Eric Staal in RedWings zone.
12:05 of 1st period - Shot by Joe Thornton.
12:05 of 1st period - Shot Blocked by Luke Schenn.
12:07 of 1st period - Shot by Eric Gryba.
12:07 of 1st period - Deflect By Joe Thornton.
12:07 of 1st period - Shot Misses the Net.
12:09 of 1st period - Shot by Joe Thornton.
12:09 of 1st period - Shot Hit the Post.
12:19 of 1st period - Shot by Ray Whitney.
12:19 of 1st period - Stopped by Mike Smith without a rebound.
12:20 of 1st period - Andrew Cogliano wins face-off versus Leo Komarov in Hurricanes zone.
12:29 of 1st period - Shot by Sergei Kostitsyn.
12:29 of 1st period - Stopped by Mike Smith with a rebound.
12:35 of 1st period - Steve Oleksy is hit by Andrew Cogliano.
12:54 of 1st period - Icing by Duncan Keith.
12:55 of 1st period - Leo Komarov wins face-off versus Joe Thornton in Hurricanes zone.
13:00 of 1st period - Shot by Leo Komarov.
13:00 of 1st period - Stopped by Thomas Greiss without a rebound.
13:01 of 1st period - Joe Thornton wins face-off versus Eric Staal in RedWings zone.
13:01 of 1st period - Joe Thornton is hit by Nikolai Kulemin.
13:11 of 1st period - Shot by Eric Staal.
13:11 of 1st period - Shot Misses the Net.
13:21 of 1st period - Shot by Brian Campbell.
13:21 of 1st period - Shot Blocked by Ryan Wilson.
13:27 of 1st period - Shot by Joe Thornton.
13:27 of 1st period - Stopped by Mike Smith without a rebound.
13:28 of 1st period - Casey Cizikas wins face-off versus Brian Boyle in Hurricanes zone.
13:28 of 1st period - Casey Cizikas is hit by Luke Schenn.
13:52 of 1st period - Shot by Nick Foligno.
13:52 of 1st period - Goal by Nick Foligno - Hurricanes : 3 - RedWings : 0.
13:53 of 1st period - Eric Staal wins face-off versus Andrew Cogliano in neutral zone.
14:49 of 1st period - Icing by Duncan Keith.
14:50 of 1st period - Eric Staal wins face-off versus Joe Thornton in Hurricanes zone.
15:04 of 1st period - Off-side.
15:05 of 1st period - Taylor Beck wins face-off versus Brian Boyle in neutral zone.
15:14 of 1st period - Shot by Ryan Wilson.
15:14 of 1st period - Stopped by Thomas Greiss with a rebound.
15:37 of 1st period - James Wisniewski is hit by Chris Summers and loses puck.
17:04 of 1st period - Blake Wheeler is hit by Nate Thompson and loses puck.
17:25 of 1st period - Shot by Brian Campbell.
17:25 of 1st period - Shot Blocked by Duncan Keith.
17:35 of 1st period - Shot by Joe Thornton.
17:35 of 1st period - Shot Hit the Post.
17:56 of 1st period - Off-side.
17:57 of 1st period - Andrew Cogliano wins face-off versus Brian Boyle in neutral zone.
17:59 of 1st period - Minor Penalty to Nick Foligno for Hooking.
18:00 of 1st period - Leo Komarov wins face-off versus Joe Thornton in Hurricanes zone.
18:04 of 1st period - Luke Schenn is hit by Eric Brewer and loses puck.
18:29 of 1st period - Icing by Eric Brewer.
18:30 of 1st period - Joe Thornton wins face-off versus Marty Reasoner in RedWings zone.
18:39 of 1st period - Shot by Alexandre Burrows.
18:39 of 1st period - Shot Misses the Net.
18:41 of 1st period - Shot by Eric Brewer.
18:41 of 1st period - Deflect By Alexandre Burrows.
18:41 of 1st period - Stopped by Mike Smith without a rebound.
18:42 of 1st period - Leo Komarov wins face-off versus Andrew Cogliano in Hurricanes zone.
18:42 of 1st period - Leo Komarov is hit by Alexandre Burrows.
18:52 of 1st period - Shot by Brian Campbell.
18:52 of 1st period - Deflect By Alexandre Burrows.
18:52 of 1st period - Stopped by Mike Smith with a rebound.
18:54 of 1st period - Shot by Paul Martin.
18:54 of 1st period - Shot Misses the Net.
18:56 of 1st period - Shot by Alexandre Burrows.
18:56 of 1st period - Goal by Alexandre Burrows - Hurricanes : 3 - RedWings : 1.
18:57 of 1st period - Joe Thornton wins face-off versus Brian Boyle in neutral zone.
19:17 of 1st period - Icing by James Wisniewski.
19:18 of 1st period - Brian Boyle wins face-off versus Andrew Cogliano in Hurricanes zone.
19:18 of 1st period - Brian Boyle is hit by Sergei Kostitsyn.
19:25 of 1st period - Eric Brewer is hit by Ryan Wilson and loses puck.
19:31 of 1st period - Minor Penalty to Alexandre Burrows for Roughing.
19:32 of 1st period - Eric Staal wins face-off versus Nate Thompson in RedWings zone.
19:57 of 1st period - Shot by Blake Wheeler.
19:57 of 1st period - Shot Misses the Net.
19:59 of 1st period - Shot by Duncan Keith.
19:59 of 1st period - Stopped by Thomas Greiss without a rebound.
Goals for this period are 3 for Hurricanes vs 1 for RedWings.
Shots for this period are 8 for Hurricanes vs 11 for RedWings.

2nd period


0:01 of 2nd period - Eric Staal wins face-off versus Nate Thompson in neutral zone.
0:11 of 2nd period - Shot by Nick Foligno.
0:11 of 2nd period - Deflect By Blake Wheeler.
0:11 of 2nd period - Shot Misses the Net.
0:15 of 2nd period - Shot by Ryan Wilson.
0:15 of 2nd period - Shot Blocked by Paul Martin.
0:17 of 2nd period - Shot by Eric Staal.
0:17 of 2nd period - Shot Misses the Net.
0:19 of 2nd period - Shot by Eric Staal.
0:19 of 2nd period - Stopped by Thomas Greiss with a rebound.
0:21 of 2nd period - Shot by Ryan Wilson.
0:21 of 2nd period - Stopped by Thomas Greiss without a rebound.
0:22 of 2nd period - Nate Thompson wins face-off versus Brian Boyle in RedWings zone.
0:35 of 2nd period - Shot by Cal Clutterbuck.
0:35 of 2nd period - Stopped by Thomas Greiss without a rebound.
0:36 of 2nd period - Nate Thompson wins face-off versus Eric Staal in RedWings zone.
1:41 of 2nd period - Shot by Tyler Toffoli.
1:41 of 2nd period - Shot Misses the Net.
1:44 of 2nd period - Cam Janssen is hit by James Wisniewski and loses puck.
2:02 of 2nd period - Off-side.
2:03 of 2nd period - Marty Reasoner wins face-off versus Andrew Cogliano in neutral zone.
2:47 of 2nd period - Minor Penalty to Luke Schenn for Hooking.
2:48 of 2nd period - Casey Cizikas wins face-off versus Marty Reasoner in Hurricanes zone.
3:47 of 2nd period - Shot by Brian Campbell.
3:47 of 2nd period - Stopped by Mike Smith with a rebound.
3:49 of 2nd period - Shot by Paul Martin.
3:49 of 2nd period - Shot Misses the Net.
3:57 of 2nd period - Shot by Joe Thornton.
3:57 of 2nd period - Shot Misses the Net.
3:59 of 2nd period - Shot by Paul Martin.
3:59 of 2nd period - Stopped by Mike Smith without a rebound.
4:00 of 2nd period - Joe Thornton wins face-off versus Leo Komarov in Hurricanes zone.
4:11 of 2nd period - Shot by Joe Thornton.
4:11 of 2nd period - Stopped by Mike Smith without a rebound.
4:12 of 2nd period - Joe Thornton wins face-off versus Marty Reasoner in Hurricanes zone.
4:35 of 2nd period - Shot by James Wisniewski.
4:35 of 2nd period - Shot Misses the Net.
4:37 of 2nd period - Shot by Leo Komarov.
4:37 of 2nd period - Shot Misses the Net.
4:39 of 2nd period - Shot by Lennart Petrell.
4:39 of 2nd period - Shot Misses the Net.
5:01 of 2nd period - Tyler Toffoli is hit by Steve Oleksy and loses puck.
5:05 of 2nd period - Minor Penalty to Steve Oleksy for Hooking.
5:06 of 2nd period - Casey Cizikas wins face-off versus Marty Reasoner in Hurricanes zone.
5:07 of 2nd period - Shot by Eric Brewer.
5:07 of 2nd period - Deflect By Ray Whitney.
5:07 of 2nd period - Shot Misses the Net.
5:09 of 2nd period - Shot by Nate Thompson.
5:09 of 2nd period - Stopped by Mike Smith without a rebound.
5:10 of 2nd period - Marty Reasoner wins face-off versus Casey Cizikas in Hurricanes zone.
5:21 of 2nd period - Shot by Ray Whitney.
5:21 of 2nd period - Stopped by Mike Smith without a rebound.
5:22 of 2nd period - Casey Cizikas wins face-off versus Lennart Petrell in Hurricanes zone.
5:25 of 2nd period - Shot by Brian Campbell.
5:25 of 2nd period - Shot Misses the Net.
5:41 of 2nd period - Shot by Ray Whitney.
5:41 of 2nd period - Stopped by Mike Smith without a rebound.
5:42 of 2nd period - Joe Thornton wins face-off versus Leo Komarov in Hurricanes zone.
6:11 of 2nd period - Shot by Eric Brewer.
6:11 of 2nd period - Shot Blocked by Luke Schenn.
6:20 of 2nd period - Off-side.
6:21 of 2nd period - Casey Cizikas wins face-off versus Leo Komarov in neutral zone.
6:35 of 2nd period - Shot by Brian Campbell.
6:35 of 2nd period - Goal by Brian Campbell - Hurricanes : 3 - RedWings : 2.
6:36 of 2nd period - Eric Staal wins face-off versus Tyler Toffoli in neutral zone.
6:52 of 2nd period - Shot by Tyler Toffoli.
6:52 of 2nd period - Shot Misses the Net.
6:54 of 2nd period - Shot by Cam Janssen.
6:54 of 2nd period - Shot Blocked by Blake Wheeler.
6:56 of 2nd period - Shot by Tyler Toffoli.
6:56 of 2nd period - Shot Misses the Net.
7:49 of 2nd period - Off-side.
7:50 of 2nd period - Leo Komarov wins face-off versus Taylor Beck in neutral zone.
8:17 of 2nd period - Minor Penalty to Dale Weise for Roughing.
8:18 of 2nd period - Marty Reasoner wins face-off versus Joe Thornton in Hurricanes zone.
9:01 of 2nd period - Shot by Paul Martin.
9:01 of 2nd period - Stopped by Mike Smith with a rebound.
9:23 of 2nd period - Shot by Eric Brewer.
9:23 of 2nd period - Stopped by Mike Smith without a rebound.
9:24 of 2nd period - Casey Cizikas wins face-off versus Marty Reasoner in Hurricanes zone.
9:25 of 2nd period - Shot by Jared Spurgeon.
9:25 of 2nd period - Shot Misses the Net.
9:57 of 2nd period - Shot by Jared Spurgeon.
9:57 of 2nd period - Stopped by Mike Smith with a rebound.
9:59 of 2nd period - Shot by Casey Cizikas.
9:59 of 2nd period - Shot Misses the Net.
10:01 of 2nd period - Shot by Eric Brewer.
10:01 of 2nd period - Shot Blocked by Filip Kuba.
10:03 of 2nd period - Shot by Eric Brewer.
10:03 of 2nd period - Shot Blocked by Lennart Petrell.
10:05 of 2nd period - Shot by Eric Brewer.
10:05 of 2nd period - Stopped by Mike Smith without a rebound.
10:06 of 2nd period - Marty Reasoner wins face-off versus Joe Thornton in Hurricanes zone.
10:20 of 2nd period - Alexandre Burrows is hit by Steve Oleksy and loses puck.
10:29 of 2nd period - Shot by Tyler Toffoli.
10:29 of 2nd period - Stopped by Mike Smith without a rebound.
10:30 of 2nd period - Andrew Cogliano wins face-off versus Eric Staal in Hurricanes zone.
11:23 of 2nd period - Blake Wheeler is hit by Cam Janssen and loses puck.
11:35 of 2nd period - Icing by Jared Spurgeon.
11:36 of 2nd period - Joe Thornton wins face-off versus Brian Boyle in RedWings zone.
13:32 of 2nd period - Icing by Maxim Lapierre.
13:33 of 2nd period - Marty Reasoner wins face-off versus Andrew Cogliano in Hurricanes zone.
13:33 of 2nd period - James Wisniewski is hit by Alexandre Burrows.
13:41 of 2nd period - Shot by Ryan Wilson.
13:41 of 2nd period - Stopped by Thomas Greiss without a rebound.
13:42 of 2nd period - Eric Staal wins face-off versus Andrew Cogliano in RedWings zone.
14:00 of 2nd period - Eric Staal is hit by Eric Brewer and loses puck.
15:05 of 2nd period - Icing by Luke Schenn.
15:06 of 2nd period - Brian Boyle wins face-off versus Casey Cizikas in Hurricanes zone.
15:10 of 2nd period - Minor Penalty to Luke Schenn for Hooking.
15:11 of 2nd period - Casey Cizikas wins face-off versus Leo Komarov in Hurricanes zone.
15:21 of 2nd period - Icing by Casey Cizikas.
15:22 of 2nd period - Marty Reasoner wins face-off versus Casey Cizikas in RedWings zone.
15:43 of 2nd period - Shot by Lennart Petrell.
15:43 of 2nd period - Shot Misses the Net.
15:45 of 2nd period - Shot by Lennart Petrell.
15:45 of 2nd period - Stopped by Thomas Greiss without a rebound.
15:46 of 2nd period - Marty Reasoner wins face-off versus Joe Thornton in RedWings zone.
16:05 of 2nd period - Shot by Jared Spurgeon.
16:05 of 2nd period - Shot Blocked by Duncan Keith.
16:07 of 2nd period - Shot by Sergei Kostitsyn.
16:07 of 2nd period - Stopped by Mike Smith with a rebound.
16:13 of 2nd period - Shot by Alexandre Burrows.
16:13 of 2nd period - Shot Blocked by Nikolai Kulemin.
16:15 of 2nd period - Shot by Joe Thornton.
16:15 of 2nd period - Stopped by Mike Smith without a rebound.
16:16 of 2nd period - Casey Cizikas wins face-off versus Leo Komarov in Hurricanes zone.
16:25 of 2nd period - Shot by Paul Martin.
16:25 of 2nd period - Shot Blocked by Duncan Keith.
16:27 of 2nd period - Shot by Brian Campbell.
16:27 of 2nd period - Stopped by Mike Smith with a rebound.
16:44 of 2nd period - Icing by Casey Cizikas.
16:45 of 2nd period - Casey Cizikas wins face-off versus Marty Reasoner in RedWings zone.
16:52 of 2nd period - Shot by Paul Martin.
16:52 of 2nd period - Deflect By Ray Whitney.
16:52 of 2nd period - Stopped by Mike Smith without a rebound.
16:53 of 2nd period - Joe Thornton wins face-off versus Marty Reasoner in Hurricanes zone.
16:54 of 2nd period - Shot by Jared Spurgeon.
16:54 of 2nd period - Shot Misses the Net.
17:00 of 2nd period - Shot by Alexandre Burrows.
17:00 of 2nd period - Shot Misses the Net.
17:02 of 2nd period - Shot by Joe Thornton.
17:02 of 2nd period - Stopped by Mike Smith without a rebound.
17:03 of 2nd period - Leo Komarov wins face-off versus Joe Thornton in Hurricanes zone.
17:20 of 2nd period - Minor Penalty to James Wisniewski for Holding.
17:21 of 2nd period - Casey Cizikas wins face-off versus Marty Reasoner in Hurricanes zone.
17:26 of 2nd period - Shot by Ray Whitney.
17:26 of 2nd period - Stopped by Mike Smith without a rebound.
17:27 of 2nd period - Nikolai Kulemin wins face-off versus Joe Thornton in Hurricanes zone.
18:08 of 2nd period - Shot by Alexandre Burrows.
18:08 of 2nd period - Shot Blocked by Ryan Wilson.
18:10 of 2nd period - Shot by Joe Thornton.
18:10 of 2nd period - Shot Misses the Net.
18:31 of 2nd period - Off-side.
18:32 of 2nd period - Casey Cizikas wins face-off versus Marty Reasoner in neutral zone.
19:38 of 2nd period - Shot by Nick Foligno.
19:38 of 2nd period - Shot Misses the Net.
19:40 of 2nd period - Shot by Luke Schenn.
19:40 of 2nd period - Shot Misses the Net.
Goals for this period are 0 for Hurricanes vs 1 for RedWings.
Shots for this period are 5 for Hurricanes vs 18 for RedWings.

3rd period


0:01 of 3rd period - Joe Thornton wins face-off versus Eric Staal in neutral zone.
0:29 of 3rd period - Shot by Eric Staal.
0:29 of 3rd period - Stopped by Thomas Greiss without a rebound.
0:30 of 3rd period - Andrew Cogliano wins face-off versus Brian Boyle in RedWings zone.
0:50 of 3rd period - Duncan Keith is hit by Eric Brewer and loses puck.
1:51 of 3rd period - Shot by Nikolai Kulemin.
1:51 of 3rd period - Shot Blocked by Paul Martin.
1:53 of 3rd period - Shot by James Wisniewski.
1:53 of 3rd period - Shot Misses the Net.
2:48 of 3rd period - Icing by Paul Martin.
2:49 of 3rd period - Joe Thornton wins face-off versus Marty Reasoner in RedWings zone.
2:49 of 3rd period - Joe Thornton is hit by Maxim Lapierre.
2:55 of 3rd period - Lennart Petrell is hit by Joe Thornton and loses puck.
3:27 of 3rd period - Minor Penalty to Steve Oleksy for Interference.
3:28 of 3rd period - Nate Thompson wins face-off versus Leo Komarov in Hurricanes zone.
3:35 of 3rd period - Shot by Alexandre Burrows.
3:35 of 3rd period - Goal by Alexandre Burrows - Hurricanes : 3 - RedWings : 3.
3:36 of 3rd period - Eric Staal wins face-off versus Sergei Kostitsyn in neutral zone.
4:03 of 3rd period - Shot by Blake Wheeler.
4:03 of 3rd period - Stopped by Thomas Greiss without a rebound.
4:04 of 3rd period - Brian Boyle wins face-off versus Casey Cizikas in RedWings zone.
4:09 of 3rd period - Shot by Nick Foligno.
4:09 of 3rd period - Shot Blocked by Eric Gryba.
4:11 of 3rd period - Shot by Rene Bourque.
4:11 of 3rd period - Shot Blocked by Eric Gryba.
4:49 of 3rd period - Icing by Chris Summers.
4:50 of 3rd period - Nate Thompson wins face-off versus Eric Staal in RedWings zone.
4:50 of 3rd period - Nate Thompson is hit by Nikolai Kulemin.
5:13 of 3rd period - Eric Staal is hit by Brian Campbell.
5:17 of 3rd period - Shot by Eric Staal.
5:17 of 3rd period - Deflect By Blake Wheeler.
5:17 of 3rd period - Stopped by Thomas Greiss with a rebound.
5:19 of 3rd period - Shot by Ryan Wilson.
5:19 of 3rd period - Shot Blocked by Brian Campbell.
5:44 of 3rd period - Minor Penalty to Brian Campbell for Hooking.
5:45 of 3rd period - Nate Thompson wins face-off versus Brian Boyle in RedWings zone.
6:13 of 3rd period - Shot by Rene Bourque.
6:13 of 3rd period - Stopped by Thomas Greiss without a rebound.
6:14 of 3rd period - Nate Thompson wins face-off versus Eric Staal in RedWings zone.
6:14 of 3rd period - Nate Thompson is hit by Blake Wheeler.
6:17 of 3rd period - Paul Martin is hit by Blake Wheeler and loses puck.
6:24 of 3rd period - Paul Martin is hit by Nick Foligno and loses puck.
6:39 of 3rd period - Shot by Ryan Wilson.
6:39 of 3rd period - Shot Blocked by Paul Martin.
6:43 of 3rd period - Shot by Nick Foligno.
6:43 of 3rd period - Shot Misses the Net.
7:14 of 3rd period - Rene Bourque is hit by Chris Summers and loses puck.
7:20 of 3rd period - Minor Penalty to Chris Summers for Charging.
7:21 of 3rd period - Tyler Toffoli wins face-off versus Eric Staal in RedWings zone.
7:30 of 3rd period - Shot by Steve Oleksy.
7:30 of 3rd period - Shot Misses the Net.
8:05 of 3rd period - Ray Whitney is hit by James Wisniewski and loses puck.
8:09 of 3rd period - Alexandre Burrows is hit by James Wisniewski.
8:27 of 3rd period - Shot by Eric Brewer.
8:27 of 3rd period - Shot Misses the Net.
8:29 of 3rd period - Shot by Nate Thompson.
8:29 of 3rd period - Stopped by Mike Smith without a rebound.
8:30 of 3rd period - Casey Cizikas wins face-off versus Eric Staal in Hurricanes zone.
9:18 of 3rd period - Shot by Alexandre Burrows.
9:18 of 3rd period - Stopped by Mike Smith without a rebound.
9:19 of 3rd period - Joe Thornton wins face-off versus Cal Clutterbuck in Hurricanes zone.
9:19 of 3rd period - Joe Thornton is hit by Filip Kuba.
9:48 of 3rd period - Shot by Maxim Lapierre.
9:48 of 3rd period - Shot Misses the Net.
9:50 of 3rd period - Shot by Lennart Petrell.
9:50 of 3rd period - Shot Misses the Net.
10:48 of 3rd period - Shot by Andrew Cogliano.
10:48 of 3rd period - Stopped by Mike Smith without a rebound.
10:49 of 3rd period - Eric Staal wins face-off versus Taylor Beck in Hurricanes zone.
11:20 of 3rd period - Shot by Casey Cizikas.
11:20 of 3rd period - Shot Misses the Net.
11:37 of 3rd period - Minor Penalty to Cam Janssen for Tripping.
11:38 of 3rd period - Nate Thompson wins face-off versus Cal Clutterbuck in RedWings zone.
11:38 of 3rd period - Nate Thompson is hit by Cal Clutterbuck.
11:47 of 3rd period - Icing by Ryan Wilson.
11:48 of 3rd period - Brian Boyle wins face-off versus Nate Thompson in Hurricanes zone.
12:17 of 3rd period - Shot by Cal Clutterbuck.
12:17 of 3rd period - Shot Misses the Net.
12:19 of 3rd period - Shot by Ryan Wilson.
12:19 of 3rd period - Shot Blocked by Paul Martin.
12:21 of 3rd period - Shot by Filip Kuba.
12:21 of 3rd period - Shot Blocked by Brian Campbell.
12:23 of 3rd period - Shot by Brian Boyle.
12:23 of 3rd period - Shot Blocked by Paul Martin.
12:25 of 3rd period - Shot by Ryan Wilson.
12:25 of 3rd period - Shot Misses the Net.
13:08 of 3rd period - Icing by Duncan Keith.
13:09 of 3rd period - Eric Staal wins face-off versus Casey Cizikas in Hurricanes zone.
14:37 of 3rd period - Off-side.
14:38 of 3rd period - Leo Komarov wins face-off versus Andrew Cogliano in neutral zone.
14:38 of 3rd period - Steve Oleksy is hit by Alexandre Burrows and loses puck.
14:44 of 3rd period - Dale Weise is hit by Eric Brewer and loses puck.
15:02 of 3rd period - Minor Penalty to Cal Clutterbuck for Hooking.
15:03 of 3rd period - Marty Reasoner wins face-off versus Casey Cizikas in Hurricanes zone.
15:14 of 3rd period - Shot by Ray Whitney.
15:14 of 3rd period - Goal by Ray Whitney - Hurricanes : 3 - RedWings : 4.
15:15 of 3rd period - Nick Foligno wins face-off versus Joe Thornton in neutral zone.
15:30 of 3rd period - Shot by Ray Whitney.
15:30 of 3rd period - Stopped by Mike Smith with a rebound.
15:35 of 3rd period - James Wisniewski is hit by Joe Thornton and loses puck.
15:52 of 3rd period - Shot by Ray Whitney.
15:52 of 3rd period - Shot Misses the Net.
16:24 of 3rd period - Shot by Blake Wheeler.
16:24 of 3rd period - Shot Blocked by Eric Brewer.
16:26 of 3rd period - Shot by Duncan Keith.
16:26 of 3rd period - Stopped by Thomas Greiss without a rebound.
16:27 of 3rd period - Casey Cizikas wins face-off versus Leo Komarov in RedWings zone.
16:42 of 3rd period - Shot by Eric Gryba.
16:42 of 3rd period - Shot Blocked by Cal Clutterbuck.
16:48 of 3rd period - Shot by Cal Clutterbuck.
16:48 of 3rd period - Shot Misses the Net.
17:05 of 3rd period - Off-side.
17:06 of 3rd period - Andrew Cogliano wins face-off versus Brian Boyle in neutral zone.
18:15 of 3rd period - Shot by Paul Martin.
18:15 of 3rd period - Stopped by Mike Smith with a rebound.
18:17 of 3rd period - Shot by Paul Martin.
18:17 of 3rd period - Shot Misses the Net.
18:26 of 3rd period - Icing by Eric Staal.
18:27 of 3rd period - Eric Staal wins face-off versus Casey Cizikas in Hurricanes zone.
18:33 of 3rd period - Off-side.
18:34 of 3rd period - Casey Cizikas wins face-off versus Leo Komarov in neutral zone.
18:53 of 3rd period - Brian Campbell is hit by Leo Komarov and loses puck.
19:00 of 3rd period - Hurricanes, Mike Smith is pulled from the net.
19:49 of 3rd period - Shot by Blake Wheeler.
19:49 of 3rd period - Stopped by Thomas Greiss without a rebound.
19:50 of 3rd period - Nate Thompson wins face-off versus Eric Staal in RedWings zone.
19:50 of 3rd period - Nate Thompson is hit by Blake Wheeler.
19:58 of 3rd period - Shot by Andrew Cogliano.
19:58 of 3rd period - Shot Blocked by James Wisniewski.
Goals for this period are 0 for Hurricanes vs 2 for RedWings.
Shots for this period are 6 for Hurricanes vs 7 for RedWings.


Output by the SimonT Hockey Simulator (STHS) for Stephane Roy -- Original Page W3C XHTML 1.0 Valid
Hockey Simulator - Hockey Simulation - Hockey Manager